 Dungeon Crawl Stone Soup version 0.29.1-15-g9cfb28693d (webtiles) character file.

Game seed: 18365587674183154011

1592 Heoruswealwe the Thaumaturge (level 8, 0/40 (41) HPs)
             Began as a Deep Elf Conjurer on Feb 25, 2023.
             Was an Elder of Sif Muna.
             Slain by a wight
             ... wielding a +0 hand axe
              (4 damage)
             ... on level 6 of the Dungeon.
             The game lasted 01:09:55 (5668 turns).

Heoruswealwe the Thaumaturge (Deep Elf Conjurer)    Turns: 5668, Time: 01:09:58

HP:   0/40 (41)     AC:  3    Str:  2    XL:     8   Next: 61%
MP:   24/24         EV: 12    Int: 26    God:    Sif Muna [****..]
Gold: 245           SH:  5    Dex: 13    Spells: 25/28 levels left

rFire   . . .      SeeInvis +   f - +6 great sword
rCold   . . .      Faith    .   (shield currently unavailable)
rNeg    . . .      Spirit   .   j - +0 robe
rPois   .          Reflect  +   (helmet restricted)
rElec   .          Harm     .   (no cloak)
rCorr   .          Rampage  .   (no gloves)
Will    .....                   t - +0 pair of boots
Stlth   ++........              D - amulet of reflection
HPRegen 0.93/turn               y - ring of see invisible
MPRegen 0.19/turn               O - +4 ring of slaying

@: lightly drained
A: horns 1, regeneration 1, weak 1
a: Renounce Religion, Channel Magic, Forget Spell, Divine Exegesis


You were on level 6 of the Dungeon.
You worshipped Sif Muna.
Sif Muna was greatly pleased with you.
You visited 2 branches of the dungeon, and saw 7 of its levels.
You also visited: Sewer and Ossuary.

You collected 320 gold pieces.
You spent 75 gold pieces at shops.

Inventory:

Hand Weapons
 f - a +6 great sword (weapon)
 k - a +2 short sword of protection
 s - a +4 hand axe
 C - a +0 flail
 E - a +0 club
 G - a +0 dagger
 J - a +0 club
 K - a +0 dagger
 L - a +0 short sword
 M - a +0 spear
 Q - a +1 vampiric spear
 T - a +0 club
 V - a +0 whip
 W - a +0 flail
 X - a +0 halberd
 Y - a +0 dagger
Missiles
 c - 100 stones
 h - 14 poisoned darts
 q - 4 large rocks
 S - 3 atropa-tipped darts
Armour
 a - a +0 robe
 g - a +0 ring mail
 i - a +0 robe
 j - a +0 robe (worn)
 l - a +0 ring mail
 t - a +0 pair of boots (worn)
 v - a +0 plate armour
 I - a +0 ring mail
 P - a +0 ring mail
 U - a +0 leather armour
Jewellery
 p - a ring of protection from fire
 y - a ring of see invisible (left hand)
 D - an amulet of reflection (around neck)
 O - a +4 ring of slaying (right hand)
Wands
 m - a wand of flame (19)
 B - a wand of iceblast (3)
 Z - a wand of polymorph (6)
Scrolls
 d - 2 scrolls of immolation
 u - 5 scrolls of teleportation
 x - 4 scrolls of fog
 N - 2 scrolls of amnesia
 R - a scroll of fear
Potions
 b - 3 potions of magic
 e - 3 potions of might
 n - a potion of invisibility
 o - 3 potions of lignification
 r - a potion of flight
 w - 2 potions of brilliance
 z - a potion of heal wounds
 A - a potion of cancellation
 F - 5 potions of curing
 H - a potion of degeneration {unknown}


   Skills:
 - Level 2.4 Dodging
 - Level 2.4 Stealth
 + Level 10.5 Spellcasting
 + Level 9.6 Conjurations


You had 25 spell levels left.
You knew the following spells:

 Your Spells              Type           Power      Damage    Failure   Level
a - Magic Dart            Conj           100%       1d8       1%          1
b - Searing Ray           Conj           100%       2d8       1%          2

Your spell library contained the following spells:

 Spells                   Type           Power      Damage    Failure   Level
 Dazzling Flash           Conj/Hex       76%        N/A       1%          3
 Apportation              Tloc           26%        N/A       4%          1
 Freeze                   Ice            52%        1d7       4%          1
 Fulminant Prism          Conj/Hex       19%        3d11      6%          4
 Hailstorm                Conj/Ice       38%        3d9       6%          4
 Iskenderun's Mystic Bla  Conj/Tloc      38%        2d9       6%          4
 Frozen Ramparts          Ice            26%        1d4       13%         3
 Anguish                  Hex/Necr       6%         N/A       41%         4
 Simulacrum               Ice/Necr       6%         N/A       100%        6
 Borgnjor's Revivificati  Necr           6%         N/A       100%        8


Dungeon Overview and Level Annotations

Branches:
Dungeon (6/15)             Temple (1/1) D:5           Sewer (visited)
Ossuary (visited)

Altars:
Cheibriados
Fedhas
Gozag
Hepliaklqana
Makhleb
Nemelex Xobeh
Qazlal
Sif Muna
Trog
Uskayaw
Wu Jian
Yredelemnul
The Shining One

Shops:
D:3 *


Innate Abilities, Weirdness & Mutations

You have a pair of small horns on your head.
Your natural rate of healing is unusually fast.
You are weak. (Str -2)


Message History

The howler monkey is almost dead.
You block the howler monkey's attack. The howler monkey hits you.
You slash the howler monkey!
You kill the howler monkey!
Sif Muna accepts your kill.
You see here a +0 giant spiked club.
You now have 245 gold pieces (gained 11).
You open the door.
There is a stone staircase leading down here.
You climb downwards.
Found a sling and a bronze ring.
There is a stone staircase leading up here.
The helpless wight fails to defend itself.
You slice the wight!!
You destroy the wight!
Sif Muna accepts your kill.
You hit the wight.
The wight is moderately damaged.
The wight hits you with a +4 battleaxe. The wight barely misses you.
The wight hits you with a +3 hand axe!
You feel drained.
You slash the wight!
You destroy the wight!
Sif Muna accepts your kill. The wight closely misses you.
You block the wight's attack. The wight hits you with a +0 hand axe.
Your life force feels restored.
You hit the wight.
The wight is lightly damaged.
You block the wight's attack. x2
You hit the wight.
The wight is heavily damaged.
The wight closely misses you. The wight hits you with a +3 hand axe!
The wight closely misses you. The wight hits you with a +3 hand axe!
You hit the wight.
The wight is severely damaged.
The wight closely misses you. The wight barely misses you.
The wight hits you with a +0 hand axe!
* * * LOW HITPOINT WARNING * * *
You feel drained.
You die...

#############
......z@....#
......z)....#
....).......#
....=.......#
..###########
#


You could see 2 wights.

Vanquished Creatures
  2 ogres (D:5)
  2 black bears
  A phantom (D:5)
  2 kobold brigands (Sewer)
  A scorpion (D:5)
  2 water moccasin zombies (Ossuary)
  3 wights
  A howler monkey (D:5)
  A centaur zombie (Ossuary)
  A bullfrog zombie (Ossuary)
  A human zombie (Ossuary)
  A gnoll bouda (D:4)
  An orc priest (D:5)
  2 scorpion zombies (Ossuary)
  2 iguanas (D:5)
  An orc wizard (D:5)
  An ogre zombie (Ossuary)
  9 gnolls
  10 adders
  2 river rats (Sewer)
  2 ufetubi (D:4)
  2 adder zombies (Ossuary)
  6 worms
  3 dart slugs
  9 orcs
  4 endoplasms
  3 giant cockroaches
  7 goblins
  11 hobgoblins
  10 jackals
  5 quokkas
  14 ball pythons
  7 bats
  10 frilled lizards
  3 gnoll zombies (Ossuary)
  3 goblin zombies (Ossuary)
  3 hobgoblin zombies (Ossuary)
  9 kobolds
  3 orc zombies (Ossuary)
  6 rats
166 creatures vanquished.

Vanquished Creatures (others)
  10 fungi (D:1)
  39 plants
49 creatures vanquished.

Grand Total: 215 creatures vanquished

Notes
Turn   | Place    | Note
-------+----------+-------------------------------------------
     0 | D:1      | Heoruswealwe the Deep Elf Conjurer began the quest for the
                  | Orb.
     0 | D:1      | Reached XP level 1. HP: 10/10 MP: 6/6
   378 | D:1      | Reached XP level 2. HP: 15/15 MP: 4/8
   631 | D:1      | Reached skill level 4 in Spellcasting
   766 | D:1      | Reached skill level 5 in Conjurations
   766 | D:1      | Reached XP level 3. HP: 19/19 MP: 6/10
   908 | D:1      | Found a faded altar of an unknown god.
   919 | D:1      | Prayed at the altar of an unknown god.
   919 | D:1      | Became a worshipper of Sif Muna the Loreminder
   919 | D:1      | Reached * piety under Sif Muna
  1157 | D:1      | Gained mutation: You have a pair of small horns on your
                  | head. [potion of mutation]
  1157 | D:1      | Gained mutation: You are weak. (Str -2) [potion of
                  | mutation]
  1157 | D:1      | Gained mutation: Your natural rate of healing is unusually
                  | fast. [potion of mutation]
  1535 | D:2      | Reached XP level 4. HP: 18/24 MP: 3/12
  1763 | D:2      | Found an opulent altar of Gozag.
  1779 | D:2      | Got the Compilation of Planar Misery
  1785 | D:2      | Learned a level 2 spell: Searing Ray
  1791 | D:2      | Reached skill level 5 in Spellcasting
  1862 | D:2      | Learned a level 2 spell: Searing Ray
  2092 | D:3      | Reached ** piety under Sif Muna
  2139 | D:3      | Found a glowing drain.
  2176 | Sewer    | Entered a sewer
  2230 | Sewer    | Reached XP level 5. HP: 28/28 MP: 6/14
  2388 | Sewer    | Reached skill level 6 in Spellcasting
  2445 | Sewer    | Reached XP level 6. HP: 32/32 MP: 3/17
  3028 | D:3      | Found Idiwejy's General Store.
  3044 | D:3      | Bought a scroll of magic mapping for 75 gold pieces
  3686 | D:4      | Reached *** piety under Sif Muna
  3841 | D:4      | Reached skill level 7 in Spellcasting
  3926 | D:4      | Reached XP level 7. HP: 34/36 MP: 11/20
  3938 | D:4      | Found a sand-covered staircase.
  3950 | Ossuary  | Entered an ossuary
  4156 | Ossuary  | Reached skill level 8 in Spellcasting
  4174 | Ossuary  | Reached **** piety under Sif Muna
  4300 | Ossuary  | Noticed a silent spectre
  4771 | D:5      | Entered Level 5 of the Dungeon
  4779 | D:5      | Found a staircase to the Ecumenical Temple.
  4804 | D:5      | Reached skill level 9 in Spellcasting
  4804 | D:5      | Reached XP level 8. HP: 37/41 MP: 14/23
  4847 | D:5      | Found a hazy altar of Hepliaklqana.
  4974 | Temple   | Entered the Ecumenical Temple
  5629 | D:5      | Reached skill level 10 in Spellcasting
  5668 | D:6      | Slain by a wight

Illustrated notes

Levels and vault maps discovered:
D:1:      dpeg_arrival_solitude, layout_basic,
          shapermc_ecumenical_altar_hornbeckon
D:2:      layout_basic, basic_altar, st_stairs_4
D:3:      layout_loops_ring, serial_shops, nicolae_shop_statue_plus,
          cheibrodos_sewer_entry_bend
D:4:      layout_basic, nicolae_ossuary_entry_monument
D:5:      layout_basic, mainiacjoe_overflow_concentric_impassable,
          minmay_temple_entry_glass, hangedman_minor_gate_pass
D:6:      layout_gridville, nicolae_dithmenos_the_darkroom,
          mainiacjoe_overflow_surrounded_room
Temple:   hc_temple_tempest_star

Skill      XL: |  1  2  3  4  5  6  7  8 |
---------------+-------------------------+-----
Spellcasting   | 4 5 6 7 9 10 | 10.5
Conjurations   | 5 6 7 8 9 |  9.6
Dodging        | |  2.4
Stealth        | |  2.4

Action                   |  1- 3 |  4- 6 |  7- 9 || total
-------------------------+-------+-------+-------++-------
Melee: Hand axe          |    20 |   120 |    55 ||   195
       Headbutt          |       |    32 |    14 ||    46
       Great sword       |       |       |    30 ||    30
 Cast: Magic Dart        |    71 |   126 |   125 ||   322
       Searing Ray       |       |     6 |     2 ||     8
  Use: Scroll            |     6 |     7 |     6 ||    19
       Potion            |     3 |     2 |     5 ||    10
 Stab: Sleeping          |       |       |     1 ||     1
Armor: Robe              |     2 |     5 |    11 ||    18
Dodge: Dodged            |     3 |    49 |    54 ||   106
Block: Other             |       |    19 |    29 ||    48
       Reflection        |       |     1 |     1 ||     2
